 Dungeon Crawl Stone Soup version 0.22.1-1-ga44c0e5 (webtiles) character file.

3389 DiademB the Slinger (level 10, -15/108 HPs)
             Began as a Halfling Hunter on Nov 10, 2018.
             Was a Believer of Dithmenos.
             Demolished by an ogre
             ... wielding a +0 giant spiked club
              (19 damage)
             ... on level 8 of the Dungeon.
             The game lasted 01:26:53 (8714 turns).

DiademB the Slinger (Halfling Hunter)               Turns: 8714, Time: 01:26:54

Health: -15/108    AC: 11    Str: 18    XL:     10   Next: 24%
Magic:  10/10      EV: 14    Int:  9    God:    Dithmenos [**....]
Gold:   300        SH:  0    Dex: 19    Spells: 9/9 levels left

rFire    . . .     SeeInvis .   D - +0 dagger (speed)
rCold    . . .     Gourm    .   (shield restricted)
rNeg     . . .     Faith    .   s - +4 scale mail {rPois}
rPois    +         Spirit   .   (no helmet)
rElec    .         Reflect  .   (no cloak)
rCorr    .         Harm     .   (no gloves)
MR       .....                  (no boots)
Stlth    ..........             (no amulet)
HPRegen  0.28/turn              (no ring)
MPRegen  0.12/turn              (no ring)

@: mighty, berserking (expiring), wreathed by umbra, very quick
A: small, mutation resistance 1
a: Shadow Step, Renounce Religion


You were on level 8 of the Dungeon.
You worshipped Dithmenos.
Dithmenos was pleased with you.
You were not hungry.

You visited 2 branches of the dungeon, and saw 9 of its levels.
You also visited: Ossuary.

You collected 300 gold pieces.

Inventory:

Hand Weapons
 a - a +2 hunting sling
 b - a +0 short sword
 D - a +0 dagger of speed (weapon)
 R - a +0 blowgun
 Y - a +0 club
Missiles
 h - 152 stones (quivered)
 p - 64 poisoned needles
 E - 31 arrows
 K - 77 bolts
Armour
 n - a -2 helmet
 s - a +4 scale mail of poison resistance (worn)
Magical Staves
 U - an uncursed staff of air {unknown}
Wands
 c - a wand of enslavement (13)
 d - a wand of random effects (19)
 z - a wand of iceblast (11)
Scrolls
 g - a scroll of enchant armour
 i - 4 scrolls of identify
 m - a scroll of amnesia
 o - 2 scrolls of remove curse
 N - a scroll of fear
 O - a scroll of teleportation
 V - a scroll of blinking
Potions
 k - 2 potions of might
 A - a potion of magic {unknown}
 B - 4 potions of heal wounds {unknown}
 G - 3 potions of lignification {unknown}
 I - 3 potions of flight {unknown}
 J - 2 potions of degeneration {unknown}
 M - 4 potions of haste {unknown}
 P - a potion of agility
Comestibles
 f - 5 rations


   Skills:
 + Level 7.8 Fighting
 - Level 0.4 Short Blades
 * Level 12.3 Slings
 - Level 0.1(5.5) Throwing
 - Level 7.2 Armour
 + Level 3.8 Dodging
 * Level 3.2 Stealth


You had 9 spell levels left.
You didn't know any spells.
Your spell library was empty.

Dungeon Overview and Level Annotations

Branches:
Dungeon (8/15)             Temple (1/1) D:6
   Lair: D:8-11

Altars:
Ashenzari
Dithmenos
Elyvilon
Fedhas
Gozag
Hepliaklqana
Makhleb
Okawaru
Ru
Sif Muna
Trog
Uskayaw
Vehumet
Wu Jian
Xom
Yredelemnul
Zin
The Shining One

Shops:
D:6 *!![!

Annotations:
D:5 MollyMolluskus's ghost, novice OpMo


Innate Abilities, Weirdness & Mutations

You are small and have problems with some larger weapons.
You are somewhat resistant to further mutation.


Message History

The orc is severely wounded.
You hear a shout!
The orc warrior misses you.
You hear a shout!
You hit the orc.
You kill the orc!
Dithmenos accepts your kill. The ogre completely misses you.
You puncture the ogre!
The ogre is moderately wounded.
The orc warrior hits you from afar with a halberd!
* * * LOW HITPOINT WARNING * * *
You hit the ogre.
The ogre is heavily wounded.
You puncture the ogre!
The ogre is almost dead.
The ogre hits you with a giant club!
* * * LOW HITPOINT WARNING * * *
The ogre hits you with a giant spiked club!!
You die...

≈≈≈≈≈,,,,,,,,,*,##.....# #..)...
≈≈≈≈≈,,,,,,,,,,*#...#.## #.....#
≈≈≈≈≈,****,,,,,##..#### ##.#..(
≈≈≈≈,,*,,*,,,,*#..## ##.##..
≈≈≈,,,*,,',,,###..# #......
≈≈≈≈,,****,,,#>(.## #...#.#
≈≈≈≈≈,,,,,,,,#..## ****#..#..#
≈≈≈≈,,,,,,,,###'#*****,,*####)##
≈≈≈≈,,,,,,,,#..@#*,*,,,** #.##
≈≈≈≈,,****,,#.OO#**,***,** #.[.
≈≈≈≈,,*,,*,,#.oo# *,*,,,,######.
≈≈≈≈≈,*,,*,,##'O# *,**,**#......
≈≈≈,≈,**'*,,,g.o#**,**,**#######
≈≈≈,,,,,,,,,(..(#*,,**,,,#######
≈≈≈≈,,,,,,,,....#,,*****,#......
≈≈≈≈,,,,,,,.(..(.,,*****,#######
≈≈≈≈,,,,**'*,,,,,,*,*,*,**


You could see an orc warrior, 3 ogres, an orc wizard, a gnoll and an orc.

Vanquished Creatures
  Pikel (D:7)
  2 sky beasts
  4 slaves (D:7)
  An ice beast (D:5)
  6 ogres
  A black bear (D:8)
  An orc warrior (D:8)
  4 centaurs
  A crocodile (D:8)
  4 bullfrogs (D:7)
  A wyvern skeleton (D:7)
  A water moccasin skeleton (D:7)
  A scorpion (D:8)
  5 howler monkeys
  4 hounds
  2 jellies (D:7)
  6 orc wizards
  A gnoll shaman (D:8)
  5 iguanas
  8 worker ants
  2 big kobold zombies (Ossuary)
  2 mummies (Ossuary)
  Robin (D:3)
  9 adders
  2 oozes (D:3)
  6 adder zombies (Ossuary)
  A worm (D:4)
  A dart slug (D:2)
  2 leopard geckos
  5 orcs (D:8)
  9 bats
  8 giant cockroaches
  5 gnoll zombies (Ossuary)
  14 goblins
  8 hobgoblins
  16 jackals
  13 kobolds
  A quokka (D:3)
  5 frilled lizards
  9 hobgoblin zombies (Ossuary)
  8 kobold zombies (Ossuary)
  3 orc zombies (Ossuary)
  A quokka zombie (D:6)
  10 rats
200 creatures vanquished.

Vanquished Creatures (others)
  6 fungi (D:8)
  12 plants (D:8)
18 creatures vanquished.

Grand Total: 218 creatures vanquished

Notes
Turn   | Place    | Note
-------+----------+-------------------------------------------
     0 | D:1      | DiademB the Halfling Hunter began the quest for the Orb.
     0 | D:1      | Reached XP level 1. HP: 14/14 MP: 1/1
    71 | D:1      | Reached skill level 6 in Slings
   162 | D:1      | Reached XP level 2. HP: 19/19 MP: 2/2
   659 | D:1      | Reached XP level 3. HP: 24/24 MP: 3/3
  1480 | D:2      | Reached skill level 7 in Slings
  1562 | D:2      | Reached skill level 1 in Armour
  1562 | D:2      | Reached XP level 4. HP: 29/29 MP: 4/4
  2163 | D:3      | Reached XP level 5. HP: 19/35 MP: 5/5
  2458 | D:3      | Noticed Robin
  2461 | D:3      | Killed Robin
  2470 | D:3      | Reached skill level 8 in Slings
  3032 | D:4      | Reached XP level 6. HP: 41/41 MP: 6/6
  3036 | D:4      | Reached skill level 9 in Slings
  3467 | D:4      | Found a blossoming altar of Fedhas.
  3729 | D:5      | Entered Level 5 of the Dungeon
  3782 | D:5      | Reached XP level 7. HP: 46/46 MP: 7/7
  3887 | D:5      | Reached skill level 10 in Slings
  3993 | D:5      | Reached skill level 11 in Slings
  3993 | D:5      | Reached XP level 8. HP: 53/53 MP: 8/8
  4548 | D:5      | Found a deep blue altar of Sif Muna.
  4668 | D:5      | Found a runed door.
  4671 | D:5      | Noticed MollyMolluskus's ghost (novice OpMo)
  4693 | D:6      | Found a shadowy altar of Dithmenos.
  4755 | D:6      | Found Loenu's Antique Armour Shop.
  4898 | D:6      | Reached skill level 12 in Slings
  4946 | D:6      | Found Vaammoyth's Distillery.
  4980 | D:6      | Found Sorhaun's General Store.
  5183 | D:6      | Became a worshipper of Dithmenos the Shadowed
  5694 | D:6      | Found Veraffan's Distillery.
  5717 | D:6      | Found a staircase to the Ecumenical Temple.
  5722 | Temple   | Entered the Ecumenical Temple
  6084 | D:6      | Found Toacyth's Distillery.
  6161 | D:7      | Reached XP level 9. HP: 50/60 MP: 9/9
  6393 | D:7      | Reached skill level 5 in Fighting
  6443 | D:7      | Reached skill level 5 in Armour
  7270 | D:7      | Noticed Pikel
  7288 | D:7      | Killed Pikel
  7778 | D:8      | Reached XP level 10. HP: 55/71 MP: 10/10
  8063 | D:8      | Reached * piety under Dithmenos
  8071 | D:8      | Found an iron altar of Okawaru.
  8141 | D:8      | Found a sand-covered staircase.
  8156 | Ossuary  | Entered an ossuary
  8333 | Ossuary  | Reached ** piety under Dithmenos
  8714 | D:8      | HP: 4/108 [ogre/giant club (13)]
  8714 | D:8      | Demolished by an ogre

Skill      XL: |  1  2  3  4  5  6  7  8  9 10 |
---------------+-------------------------------+-----
Slings         | 6 7 8 9 11 12 | 12.3
Fighting       | 2 3 4 7 |  7.8
Armour         | 1 2 4 6 7 |  7.2
Dodging        | 3 |  3.8
Stealth        | 2 3 |  3.2
Short Blades   | |  0.4
Throwing       | |  0.1

Action                   |  1- 3 |  4- 6 |  7- 9 | 10-12 || total
-------------------------+-------+-------+-------+-------++-------
Melee: Short sword       |     8 |       |       |       ||     8
       Hunting sling     |       |       |     9 |     2 ||    11
       Dagger            |       |       |       |     6 ||     6
 Fire: Hunting sling     |    87 |   205 |   362 |   222 ||   876
Throw: Stone             |     6 |       |       |       ||     6
  Use: Potion            |       |     2 |     4 |     5 ||    11
       Scroll            |       |    10 |     2 |     3 ||    15
  Eat: Ration            |     1 |     2 |     3 |     1 ||     7
       Chunk             |       |       |     1 |       ||     1
Armor: Scale mail        |     7 |    42 |    43 |    21 ||   113
Dodge: Dodged            |    30 |    73 |    78 |    53 ||   234
